TOP OF THE 1ST |
Colorado Commanders batting - Pitching for Saskatoon Smokin' Guns : LHP John Jorgensen
|
Pitching: LHP John Jorgensen
|
|
Batting: RHB Eric Patrick
|
0-0: Bunt for hit - play at first, batter OUT! 1-3
|
Batting: RHB Júlio Ramos
|
0-0: Ball 1-0: Foul Ball, location: 2F 1-1: Foul Ball, location: 2F 1-2: Foul Ball, location: 2F 1-2: Ball 2-2: Ball 3-2: Strikes out swinging
|
Batting: RHB Lawrence Ware
|
0-0: Ball 1-0: Called Strike 1-1: Called Strike 1-2: SINGLE (Line Drive, 89S)
|
Batting: RHB Henry Cahill
|
0-0: Called Strike 0-1: Ball 1-1: Ball 2-1: Swinging Strike 2-2: Fly out, F8 (Flyball, 8RD)
|
Top of the 1st over - 0 runs, 1 hit, 0 errors, 1 left on base; Colorado 0 - Saskatoon 0 |
BOTTOM OF THE 1ST |
Saskatoon Smokin' Guns batting - Pitching for Colorado Commanders : RHP Domingo Cruz
|
Pitching: RHP Domingo Cruz
|
|
Batting: RHB Luis Suárez
|
0-0: Ball 1-0: Called Strike 1-1: Called Strike 1-2: Ball 2-2: Strikes out swinging, 2-3 out at first.
|
Batting: LHB Rubén Salazar
|
0-0: Called Strike 0-1: Ball 1-1: Foul Ball, location: 2F 1-2: Foul Ball, location: 2F 1-2: Ball 2-2: Ball 3-2: Base on Balls
|
Batting: RHB Juan Alvarado
|
0-0: Ball 1-0: Ground out 5-3 (Groundball, 56S) Rubén Salazar to second
|
Batting: RHB Lyle Johnston
|
0-0: Ball 1-0: Ball 2-0: Ball 3-0: Base on Balls
|
Batting: RHB Juan Cardenas
|
0-0: Called Strike 0-1: Ball 1-1: Ball 2-1: Foul Ball, location: 2F 2-2: Ball 3-2: DOUBLE (Line Drive, 78D) Rubén Salazar scores Lyle Johnston to third Lyle Johnston scores
|
Batting: RHB Mike Ratzlaff
|
0-0: Foul Ball, location: 2F 0-1: Called Strike 0-2: Strikes out looking
|
Bottom of the 1st over - 2 runs, 1 hit, 0 errors, 1 left on base; Colorado 0 - Saskatoon 2 |
TOP OF THE 2ND |
Colorado Commanders batting - Pitching for Saskatoon Smokin' Guns : LHP John Jorgensen
|
Batting: LHB Francisco Ríos
|
0-0: Ball 1-0: Ball 2-0: Fly out, F6 (Popup, 6D)
|
Batting: RHB William Dyer
|
0-0: Ball 1-0: Called Strike 1-1: Called Strike 1-2: Strikes out looking
|
Batting: RHB Carlos Jiménez
|
0-0: Ball 1-0: Fly out, F4 (Line Drive, 4)
|
Top of the 2nd over - 0 runs, 0 hits, 0 errors, 0 left on base; Colorado 0 - Saskatoon 2 |
BOTTOM OF THE 2ND |
Saskatoon Smokin' Guns batting - Pitching for Colorado Commanders : RHP Domingo Cruz
|
Batting: RHB Júlio Durán
|
0-0: Foul Ball, location: 2F 0-1: Ball 1-1: Ball 2-1: Foul Ball, location: 2F 2-2: SINGLE (Line Drive, 9S)
|
Batting: RHB Artie Turner
|
0-0: Ball 1-0: Swinging Strike 1-1: Ball 2-1: Ball 3-1: Grounds into double play, 1-6-3 (Groundball, 13)
|
Batting: SHB Mathew Olson
|
0-0: Ball 1-0: Called Strike 1-1: Ball 2-1: Foul Ball, location: 2F 2-2: Foul Ball, location: 2F 2-2: Ball 3-2: Foul Ball, location: 2F 3-2: Foul Ball, location: 2F 3-2: Base on Balls
|
Batting: RHB Luis Suárez
|
0-0: Ball 1-0: Foul Ball, location: 2F 1-1: Fly out, F7 (Line Drive, 7D)
|
Bottom of the 2nd over - 0 runs, 1 hit, 0 errors, 1 left on base; Colorado 0 - Saskatoon 2 |
TOP OF THE 3RD |
Colorado Commanders batting - Pitching for Saskatoon Smokin' Guns : LHP John Jorgensen
|
Batting: LHB Abraham Horton
|
0-0: Ball 1-0: Foul Ball, location: 2F 1-1: Swinging Strike 1-2: Ground out 6-3 (Groundball, 6)
|
Batting: RHB Sergio Gómez
|
0-0: Called Strike 0-1: Fly out, F7 (Line Drive, 78D)
|
Batting: RHB Eric Patrick
|
0-0: Ball 1-0: Ball 2-0: Ground out 1-3 (Groundball, 13)
|
Top of the 3rd over - 0 runs, 0 hits, 0 errors, 0 left on base; Colorado 0 - Saskatoon 2 |
BOTTOM OF THE 3RD |
Saskatoon Smokin' Guns batting - Pitching for Colorado Commanders : RHP Domingo Cruz
|
Batting: LHB Rubén Salazar
|
0-0: Called Strike 0-1: Swinging Strike 0-2: Strikes out swinging
|
Batting: RHB Juan Alvarado
|
0-0: Ball 1-0: Swinging Strike 1-1: Swinging Strike 1-2: Strikes out swinging
|
Batting: RHB Lyle Johnston
|
0-0: Swinging Strike 0-1: TRIPLE (Flyball, 89XD)
|
Batting: RHB Juan Cardenas
|
0-0: Swinging Strike 0-1: Called Strike 0-2: Ball 1-2: Foul Ball, location: 2F 1-2: Strikes out swinging
|
Bottom of the 3rd over - 0 runs, 1 hit, 0 errors, 1 left on base; Colorado 0 - Saskatoon 2 |
TOP OF THE 4TH |
Colorado Commanders batting - Pitching for Saskatoon Smokin' Guns : LHP John Jorgensen
|
Batting: RHB Júlio Ramos
|
0-0: Ball 1-0: Ball 2-0: Ground out 6-3 (Groundball, 6)
|
Batting: RHB Lawrence Ware
|
0-0: Ball 1-0: Ball 2-0: SINGLE (Flyball, 89M)
|
Batting: RHB Henry Cahill
|
0-0: Ball 1-0: Foul Ball, location: 2F 1-1: Fielders Choice at 2nd, 4-6 (Groundball, 4)
|
Now at SS: Pedro Rodríguez
|
|
Batting: LHB Francisco Ríos
|
0-0: Called Strike 0-1: Called Strike 0-2: Ball 1-2: Foul Ball, location: 2F 1-2: Ball 2-2: SINGLE (Line Drive, 56D) Henry Cahill to second
|
Batting: RHB William Dyer
|
0-0: Ball 1-0: Called Strike 1-1: Swinging Strike 1-2: Strikes out swinging
|
Top of the 4th over - 0 runs, 2 hits, 0 errors, 2 left on base; Colorado 0 - Saskatoon 2 |
BOTTOM OF THE 4TH |
Saskatoon Smokin' Guns batting - Pitching for Colorado Commanders : RHP Domingo Cruz
|
Batting: SHB Pedro Rodríguez
|
0-0: SINGLE (Flyball, 78S)
|
Batting: RHB Júlio Durán
|
0-0: Ball 1-0: Called Strike 1-1: Foul Ball, location: 2F 1-2: Strikes out swinging
|
Batting: RHB Artie Turner
|
0-0: Ball 1-0: 2-RUN HOME RUN (Flyball, 7LD), Distance : 420 ft
|
Batting: SHB Mathew Olson
|
0-0: Ball 1-0: Ground out 4-3 (Groundball, 4)
|
Pitching: LHP Bezzi Kisito
|
|
Batting: RHB Luis Suárez
|
0-0: Called Strike 0-1: Swinging Strike 0-2: Strikes out swinging
|
Bottom of the 4th over - 2 runs, 2 hits, 0 errors, 0 left on base; Colorado 0 - Saskatoon 4 |
TOP OF THE 5TH |
Colorado Commanders batting - Pitching for Saskatoon Smokin' Guns : LHP John Jorgensen
|
Batting: RHB Carlos Jiménez
|
0-0: Ball 1-0: Called Strike 1-1: SINGLE (Line Drive, 89M)
|
Batting: LHB Abraham Horton
|
0-0: Called Strike 0-1: Called Strike 0-2: Ball 1-2: Strikes out swinging
|
Batting: RHB Sergio Gómez
|
0-0: Foul Ball, location: 2F 0-1: DOUBLE (Line Drive, 78D) Carlos Jiménez to third Runner from 3rd tries for Home, SAFE, no throw
|
Batting: RHB Eric Patrick
|
0-0: Foul Ball, location: 2F 0-1: Ball 1-1: Ball 2-1: Ball 3-1: Base on Balls
|
Batting: RHB Júlio Ramos
|
0-0: Ball 1-0: Ball 2-0: Swinging Strike 2-1: Foul Ball, location: 2F 2-2: Strikes out looking
|
Batting: RHB Lawrence Ware
|
0-0: Called Strike 0-1: Ground out U3 (Groundball, 34)
|
Top of the 5th over - 1 run, 2 hits, 0 errors, 2 left on base; Colorado 1 - Saskatoon 4 |
BOTTOM OF THE 5TH |
Saskatoon Smokin' Guns batting - Pitching for Colorado Commanders : LHP Bezzi Kisito
|
Batting: LHB Rubén Salazar
|
0-0: Ball 1-0: Ground out 4-3 (Groundball, 4)
|
Batting: RHB Juan Alvarado
|
0-0: Fly out, F9 (Flyball, 9S)
|
Batting: RHB Lyle Johnston
|
0-0: Ball 1-0: Fly out, F9 (Flyball, 9S)
|
Bottom of the 5th over - 0 runs, 0 hits, 0 errors, 0 left on base; Colorado 1 - Saskatoon 4 |
TOP OF THE 6TH |
Colorado Commanders batting - Pitching for Saskatoon Smokin' Guns : LHP John Jorgensen
|
Batting: RHB Henry Cahill
|
0-0: Ball 1-0: Ground out 6-3 (Groundball, 6M)
|
Batting: LHB Francisco Ríos
|
0-0: Ball 1-0: Called Strike 1-1: Foul Ball, location: 2F 1-2: Strikes out swinging
|
Batting: RHB William Dyer
|
0-0: Ball 1-0: Called Strike 1-1: Ground out 3-1 (Groundball, 34)
|
Top of the 6th over - 0 runs, 0 hits, 0 errors, 0 left on base; Colorado 1 - Saskatoon 4 |
BOTTOM OF THE 6TH |
Saskatoon Smokin' Guns batting - Pitching for Colorado Commanders : LHP Bezzi Kisito
|
Batting: RHB Juan Cardenas
|
0-0: Called Strike 0-1: Ball 1-1: Ground out 3-1 (Groundball, 34)
|
Batting: SHB Pedro Rodríguez
|
0-0: Ball 1-0: Ball 2-0: Called Strike 2-1: Swinging Strike 2-2: Strikes out looking
|
Batting: RHB Júlio Durán
|
0-0: Called Strike 0-1: Called Strike 0-2: Ball 1-2: Strikes out swinging
|
Bottom of the 6th over - 0 runs, 0 hits, 0 errors, 0 left on base; Colorado 1 - Saskatoon 4 |
TOP OF THE 7TH |
Colorado Commanders batting - Pitching for Saskatoon Smokin' Guns : LHP John Jorgensen
|
Batting: RHB Carlos Jiménez
|
0-0: SINGLE (Line Drive, 4MD)
|
Batting: LHB Abraham Horton
|
0-0: Swinging Strike 0-1: Fielders Choice at 2nd, 4-6 (Groundball, 4)
|
Batting: RHB Sergio Gómez
|
0-0: Grounds into double play, 1-6-3 (Groundball, 13S)
|
Top of the 7th over - 0 runs, 1 hit, 0 errors, 0 left on base; Colorado 1 - Saskatoon 4 |
BOTTOM OF THE 7TH |
Saskatoon Smokin' Guns batting - Pitching for Colorado Commanders : LHP Bezzi Kisito
|
Batting: RHB Artie Turner
|
0-0: Foul Ball, location: 2F 0-1: Ball 1-1: Ball 2-1: Ball 3-1: Swinging Strike 3-2: Base on Balls
|
Batting: SHB Mathew Olson
|
0-0: Sac Bunt - play at first, batter OUT! 3-4 Artie Turner to second
|
Batting: RHB Luis Suárez
|
0-0: Called Strike 0-1: Ball 1-1: Ball 2-1: Ground out 4-3 (Groundball, 4) Artie Turner to third
|
Batting: LHB Rubén Salazar
|
0-0: Foul Ball, location: 2F 0-1: Foul Ball, location: 2F 0-2: Ground out U3 (Groundball, 34S)
|
Bottom of the 7th over - 0 runs, 0 hits, 0 errors, 1 left on base; Colorado 1 - Saskatoon 4 |
TOP OF THE 8TH |
Colorado Commanders batting - Pitching for Saskatoon Smokin' Guns : LHP John Jorgensen
|
Pitching: RHP Ismael Ramírez
|
|
Batting: RHB Eric Patrick
|
0-0: Bunt for hit - play at first, batter safe!
|
Batting: RHB Júlio Ramos
|
0-0: Called Strike 0-1: Swinging Strike 0-2: Ball 1-2: Fly out, F6 (Line Drive, 6)
|
Batting: RHB Lawrence Ware
|
0-0: Called Strike 0-1: Ball 1-1: Called Strike 1-2: Foul Ball, location: 2F 1-2: Ball 2-2: Fly out, F9 (Flyball, 9D) Runner from 1st tags up, SAFE at 2nd
|
Batting: RHB Henry Cahill
|
0-0: Ball 1-0: Ball 2-0: Foul Ball, location: 2F 2-1: Ball 3-1: Foul Ball, location: 2F 3-2: Foul Ball, location: 2F 3-2: Base on Balls
|
Batting: LHB Francisco Ríos
|
0-0: Swinging Strike 0-1: Ball 1-1: Swinging Strike 1-2: Strikes out looking
|
Top of the 8th over - 0 runs, 1 hit, 0 errors, 2 left on base; Colorado 1 - Saskatoon 4 |
BOTTOM OF THE 8TH |
Saskatoon Smokin' Guns batting - Pitching for Colorado Commanders : LHP Bezzi Kisito
|
Batting: RHB Juan Alvarado
|
0-0: Ball 1-0: Ball 2-0: Ball 3-0: Called Strike 3-1: DOUBLE (Line Drive, 3D)
|
Batting: RHB Lyle Johnston
|
0-0: Intentional Walk
|
Batting: RHB Juan Cardenas
|
0-0: Swinging Strike 0-1: Ball 1-1: Swinging Strike 1-2: Strikes out looking
|
Batting: SHB Pedro Rodríguez
|
0-0: Ball Throwing error on steal attempt, E2 Juan Alvarado scores Lyle Johnston to third 1-0: Ground out 6-3 (Groundball, 6S)
|
Batting: RHB Júlio Durán
|
0-0: Fly out, F9 (Flyball, 9)
|
Bottom of the 8th over - 1 run, 1 hit, 1 error, 1 left on base; Colorado 1 - Saskatoon 5 |
TOP OF THE 9TH |
Colorado Commanders batting - Pitching for Saskatoon Smokin' Guns : RHP Ismael Ramírez
|
Pitching: RHP José Gabriel
|
|
Batting: RHB William Dyer
|
0-0: Ball 1-0: Ground out 6-3 (Groundball, 6)
|
Batting: RHB Carlos Jiménez
|
0-0: Ball 1-0: Ball 2-0: Ball 3-0: Called Strike 3-1: Ground out 6-3 (Groundball, 6)
|
Batting: LHB Abraham Horton
|
0-0: Ball 1-0: Ball 2-0: Swinging Strike 2-1: Called Strike 2-2: Ball 3-2: Foul Ball, location: 2F 3-2: Ground out 4-3 (Groundball, 34)
|
Top of the 9th over - 0 runs, 0 hits, 0 errors, 0 left on base; Colorado 1 - Saskatoon 5 |
|